 Dungeon Crawl Stone Soup version 0.21.1-1-g345015fe64 (webtiles) character file.

28 KleinerIrrer the Bolt Thrower (level 3, -1/28 HPs)
             Began as a Gnoll Wanderer on Mar 17, 2018.
             Slain by a kobold
             ... wielding a +2 whip of distortion
              (2 damage)
             ... on level 1 of the Dungeon.
             The game lasted 00:01:52 (221 turns).

KleinerIrrer the Bolt Thrower (Gnoll Wanderer)       Turns: 221, Time: 00:01:53

Health: -1/28      AC:  3    Str: 14    XL:     3   Next: 14%
Magic:  3/3        EV: 12    Int: 15    God:
Gold:   0          SH:  0    Dex: 14    Spells: 3/3 levels left

rFire    . . .     SeeInvis .   a - +2 hand crossbow
rCold    . . .     Gourm    .   (no shield)
rNeg     . . .     Faith    .   i - +0 leather armour
rPois    .         Spirit   .   (no helmet)
rElec    .         Reflect  .   (no cloak)
rCorr    .         Harm     .   (no gloves)
MR       .....                  (no boots)
Stlth    ++........             (no amulet)
HPRegen  0.09/turn              (no ring)
MPRegen  0.08/turn              (no ring)

@: no status effects
A: distributed training, fangs 1, strong nose
a: no special abilities


You were on level 1 of the Dungeon.
You were not hungry.

You visited 1 branch of the dungeon, and saw 1 of its levels.

Inventory:

Hand Weapons
 a - a +2 hand crossbow (weapon)
 d - a +0 short sword
Missiles
 b - 5 bolts (quivered)
Armour
 e - a +0 robe
 i - a +0 leather armour (worn)
Scrolls
 c - 2 scrolls of teleportation
Potions
 h - a potion of curing {unknown}
Comestibles
 f - 2 rations
 g - 4 chunks of flesh


   Skills:
 + Level 2.5 Fighting
 + Level 2.5 Short Blades
 + Level 0.6 Long Blades
 + Level 0.6 Axes
 + Level 0.6 Maces & Flails
 + Level 0.6 Polearms
 + Level 0.6 Staves
 + Level 0.6 Slings
 + Level 0.6 Bows
 + Level 6.5 Crossbows
 + Level 0.6 Throwing
 + Level 4.5 Armour
 + Level 2.5 Dodging
 + Level 2.3 Stealth
 + Level 2.5 Shields
 + Level 0.6 Unarmed Combat
 + Level 0.6 Spellcasting
 + Level 0.4 Conjurations
 + Level 0.4 Hexes
 + Level 0.4 Charms
 + Level 0.4 Summonings
 + Level 0.4 Necromancy
 + Level 0.4 Translocations
 + Level 0.4 Transmutations
 + Level 0.4 Fire Magic
 + Level 0.4 Ice Magic
 + Level 0.4 Air Magic
 + Level 0.4 Earth Magic
 + Level 0.4 Poison Magic
 + Level 0.8 Invocations
 + Level 0.6 Evocations


You had 3 spell levels left.
You didn't know any spells.

Dungeon Overview and Level Annotations

Branches:
Dungeon (1/15)

Altars:


Innate Abilities, Weirdness & Mutations

Your experience applies equally to all skills.
You have very sharp teeth.
Your uncanny sense of smell can sniff out nearby items.


Message History

Press: ? - help, Shift-Dir - straight line, f - kobold
Aim: a kobold, wielding a whip of distortion You shoot a bolt.
The bolt closely misses the kobold.
The kobold hits you with a whip of distortion.
Space bends around you.
You are too injured to fight recklessly!
Firing (i - inventory):
b - 7 bolts (quivered)
Press: ? - help, Shift-Dir - straight line, f/p - kobold
Aim: a kobold, wielding a whip of distortion You shoot a bolt.
The bolt closely misses the kobold.
The kobold barely misses you.
The kobold hits you with a whip of distortion.
Space warps horribly around you!
* * * LOW HITPOINT WARNING * * *
Firing (i - inventory):
b - 6 bolts (quivered)
Press: ? - help, Shift-Dir - straight line, f/p - kobold
Aim: a kobold, wielding a whip of distortion You shoot a bolt.
The bolt closely misses the kobold.
The kobold hits you with a whip of distortion.
You die...

....... .. ......
.........###.....
....(..#.##.#...#
.......#.##.#...##
...%...#(##......#
...b...#...(.....#
.......#.##......######
..............(........
......##(.#@(.)..########
'#.#(...(.K.###(#####....
b...(#######....†.....#
.... #........(.# # ....
#....†.....# s ...
#.........## .# . ∆
#.#.##...## % #.#.# ...#
#.#.# ######


You could see a kobold.

Vanquished Creatures
  A dart slug (D:1)
  3 leopard geckos (D:1)
  4 bats (D:1)
  3 hobgoblins (D:1)
  3 jackals (D:1)
  3 kobolds (D:1)
  A ball python (D:1)
  3 frilled lizards (D:1)
  2 rats (D:1)
23 creatures vanquished.

Notes
Turn   | Place    | Note
-------+----------+-------------------------------------------
     0 | D:1      | KleinerIrrer the Gnoll Wanderer began the quest for the Orb.
     0 | D:1      | KleinerIrrer set off with: a +2 hand crossbow, 27 bolts, a scroll of teleportation, a +0 short sword, a +0 robe, a ration
     0 | D:1      | Reached XP level 1. HP: 17/17 MP: 1/1
    73 | D:1      | Reached XP level 2. HP: 23/23 MP: 2/2
   133 | D:1      | Reached XP level 3. HP: 28/28 MP: 3/3
   220 | D:1      | HP: 1/28 [kobold/whip of distortion (10)]
   221 | D:1      | Slain by a kobold

Action                   || total
-------------------------++-------
Melee: Short sword       ||    14
       Bite              ||     5
 Fire: Hand crossbow     ||    48
Armor: Robe              ||     4
       Leather armour    ||     1
Dodge: Dodged            ||    16
